 Dungeon Crawl Stone Soup version 0.23-a0-512-g50a8178 (webtiles) character file.

632 zishaf the Skirmisher (level 7, 0/74 HPs)
             Began as an Ogre Hunter on Dec 4, 2018.
             Was a Follower of Makhleb.
             Slain by Dowan
             ... wielding a +0 short sword
              (3 damage)
             ... in the Ecumenical Temple.
             The game lasted 00:09:15 (5771 turns).

zishaf the Skirmisher (Ogre Hunter)                 Turns: 5771, Time: 00:09:16

Health: 0/74       AC:  4    Str: 18    XL:     7   Next: 49%
Magic:  7/7        EV: 11    Int: 12    God:    Makhleb [*.....]
Gold:   165        SH:  0    Dex: 10    Spells: 6/6 levels left

rFire    + . .     SeeInvis .   a - +0 mace (protect)
rCold    + . .     Gourm    .   (no shield)
rNeg     . . .     Faith    .   b - +0 robe
rPois    .         Spirit   .   q - +1 hat
rElec    .         Reflect  .   n - scarf {rC+ rF+}
rCorr    .         Harm     .   (gloves unavailable)
MR       .....     Rnd*Tele +   (boots unavailable)
Stlth    +.........             m - amulet of the acrobat
HPRegen  0.22/turn              u - ring of teleportation (curse)
MPRegen  0.10/turn              (no ring)

@: no status effects
A: large, unfitting armour, tough skin 1
a: Renounce Religion


You were in the Ecumenical Temple.
You worshipped Makhleb.
Makhleb was aware of your devotion.
You were near starving.

You visited 2 branches of the dungeon, and saw 5 of its levels.

You collected 165 gold pieces.

Inventory:

Hand Weapons
 a - a +0 mace of protection (weapon)
Missiles
 c - a large rock (quivered)
 d - 3 throwing nets
 e - 7 tomahawks
 i - 167 stones
 l - 2 poisoned tomahawks
 o - 5 needles of confusion
Armour
 b - a +0 robe (worn)
 n - a scarf of resistance (worn)
 q - a +1 hat (worn)
Jewellery
 m - an amulet of the acrobat (around neck)
 u - a cursed ring of teleportation (left hand)
 y - an uncursed amulet of magic regeneration {unknown}
Wands
 w - a wand of flame (22)
Scrolls
 g - a scroll of teleportation {unknown}
 h - a scroll of amnesia {unknown}
 p - a scroll of enchant weapon {unknown}
 r - 2 scrolls of remove curse {unknown}
 s - 3 scrolls of identify {unknown}
 v - a scroll of blinking {unknown}
 x - 2 scrolls of fear {unknown}
Potions
 j - 3 potions of degeneration {unknown}
 k - 2 potions of flight {unknown}
 t - a potion of lignification {unknown}
 z - a potion of agility {unknown}
 A - a potion of curing {unknown}
Comestibles
 f - 6 rations


   Skills:
 + Level 5.8 Fighting
 + Level 3.2 Maces & Flails
 + Level 5.5 Throwing
 + Level 4.0 Dodging
 - Level 0.6 Stealth


You had 6 spell levels left.
You didn't know any spells.
Your spell library was empty.

Dungeon Overview and Level Annotations

Branches:
Dungeon (4/15)             Temple (1/1) D:4

Altars:
Ashenzari
Dithmenos
Elyvilon
Fedhas
Gozag
Kikubaaqudgha
Makhleb
Nemelex Xobeh
Ru
Sif Muna
Trog
Uskayaw
Vehumet
Wu Jian
Xom
Yredelemnul
Zin

Annotations:
Temple Dowan


Innate Abilities, Weirdness & Mutations

You are too large for most types of armour.
You have tough skin. (AC +1)


Message History

The stone arrow hits you!
* * * LOW HITPOINT WARNING * * *
Dowan hits you with a +0 short sword.
* * * LOW HITPOINT WARNING * * *
Throwing (i - inventory. (/) - cycle)
c - 3 large rocks (quivered)
Press: ? - help, Shift-Dir - straight line, f/p - Dowan
Aim: Dowan, wielding a +0 short sword and wearing a +0 robe (fast)
You throw a large rock. The large rock completely misses Dowan.
Dowan hits you with a +0 short sword.
* * * LOW HITPOINT WARNING * * *
Dowan barely misses you. Dowan hits you with a +0 short sword.
* * * LOW HITPOINT WARNING * * *
Throwing (i - inventory. (/) - cycle)
c - 2 large rocks (quivered)
Press: ? - help, Shift-Dir - straight line, f/p - Dowan
Aim: Dowan, wielding a +0 short sword and wearing a +0 robe (fast)
You throw a large rock. The large rock completely misses Dowan.
Dowan hits you with a +0 short sword.
* * * LOW HITPOINT WARNING * * *
Dowan hits you with a +0 short sword.
You die...

#########
##._._._.##
##_......._##
##...≈≈.≈≈...##
#⌠..≈≈...≈≈..(#
#..≈≈≈≈.≈≈≈≈..#
#_.≈.≈...≈.≈._#
#......@e....(#
#_.≈.≈...≈.≈._#
#..≈≈≈≈.≈≈≈≈..#
#_..≈≈...≈≈.._#
##...≈≈.≈≈...##
##_......._##
##._.⌠._.##
#########


You could see Dowan.

Vanquished Creatures
  Duvessa (D:4)
  A scorpion (D:4)
  A bullfrog skeleton (D:4)
  Crazy Yiuf (D:2)
  3 iron imps (D:3)
  4 orc wizards
  2 worker ants (D:4)
  A hound skeleton (D:4)
  Robin (D:4)
  5 adders
  6 oozes
  3 worms (D:2)
  2 dart slugs (D:1)
  3 leopard geckos
  9 orcs
  2 bat zombies (D:3)
  4 giant cockroaches
  14 goblins
  7 hobgoblins
  2 quokkas
  A ball python (D:3)
  9 bats
  4 frilled lizards
  7 kobolds
  8 rats
  A rat zombie (D:3)
102 creatures vanquished.

Notes
Turn   | Place    | Note
-------+----------+-------------------------------------------
     0 | D:1      | zishaf the Ogre Hunter began the quest for the Orb.
     0 | D:1      | Reached XP level 1. HP: 22/22 MP: 1/1
   552 | D:1      | Reached XP level 2. HP: 24/31 MP: 2/2
  1331 | D:1      | Reached skill level 1 in Maces & Flails
  1353 | D:1      | Reached XP level 3. HP: 20/37 MP: 3/3
  3019 | D:2      | Reached XP level 4. HP: 37/46 MP: 4/4
  3513 | D:2      | Found a runed door.
  3517 | D:2      | Noticed Crazy Yiuf
  3525 | D:2      | Killed Crazy Yiuf
  3758 | D:3      | Reached XP level 5. HP: 42/54 MP: 5/5
  4273 | D:3      | Found an ancient bone altar of Kikubaaqudgha.
  4423 | D:3      | Found a burning altar of Makhleb.
  4504 | D:3      | Reached XP level 6. HP: 21/63 MP: 6/6
  4563 | D:3      | Became a worshipper of Makhleb the Destroyer
  4822 | D:4      | Reached skill level 5 in Throwing
  4977 | D:4      | Found a staircase to the Ecumenical Temple.
  4987 | D:4      | Reached skill level 5 in Fighting
  4996 | D:4      | Noticed Robin
  5068 | D:4      | Killed Robin
  5146 | D:4      | Noticed Duvessa
  5146 | D:4      | Noticed Dowan
  5287 | D:4      | Reached XP level 7. HP: 50/72 MP: 7/7
  5394 | D:4      | Reached * piety under Makhleb
  5607 | Temple   | Entered the Ecumenical Temple
  5758 | D:4      | Killed Duvessa
  5771 | Temple   | HP: 3/74 [Dowan/+0 short sword (3)]
  5771 | Temple   | Slain by Dowan

Vault maps used:
D:1:      mainiacjoe_arrival_reflecting_pool
D:2:      first_ration, uniq_crazy_yiuf_cottage
D:3:      demons_altar, lemuel_zombie_altar_kikubaaqudgha
D:4:      nicolae_overflow_hidden_temple, minmay_temple_entry_drinking_statues,
          grunt_ministairs_10, corexii_item_surrounded_by_moat, uniq_duvessa,
          uniq_robin
Temple:   nicolae_temple_no_exploring_needed

Skill      XL: |  1  2  3  4  5  6  7 |
---------------+----------------------+-----
Dodging        | 2 3 4 |  4.0
Fighting       | 3 4 5 |  5.8
Maces & Flails | 1 2 3 |  3.2
Throwing       | 5 |  5.5
Stealth        | |  0.6

Action                   |  1- 3 |  4- 6 |  7- 9 || total
-------------------------+-------+-------+-------++-------
Melee: Club              |   188 |       |       ||   188
       Mace              |     8 |   269 |    88 ||   365
Throw: Stone             |    21 |     9 |       ||    30
       Large rock        |       |     3 |     4 ||     7
  Eat: Chunk             |     7 |     4 |       ||    11
       Ration            |       |     1 |       ||     1
Armor: Robe              |    81 |   142 |    39 ||   262
Dodge: Dodged            |   154 |   232 |    39 ||   425

Table legend:
 A = Non-vault XP
 B = Vault XP
 C = Vault XP percentage of total XP
 D = Non-vault monster count
 E = Vault monster count
 F = Vault count percentage of total count
                 A         B        C        D         E       F
            +---------+---------+-------+---------+---------+-------
      Total |     528 |     376 |  41.6 |      82 |      20 |  19.6
            +---------+---------+-------+---------+---------+-------
        D:1 |      41 |       0 |   0.0 |      21 |       0 |   0.0
        D:2 |      70 |      40 |  36.4 |      20 |       1 |   4.8
        D:3 |     106 |     124 |  53.9 |      23 |       6 |  20.7
        D:4 |     311 |     212 |  40.5 |      18 |      13 |  41.9
            +---------+---------+-------+---------+---------+-------
